 Dungeon Crawl Stone Soup version 0.29.1-12-g30fa7ad0bf (webtiles) character file.

Game seed: 16163526641598507607

4 GeoRichter the Sneak (level 1, -1/16 HPs)
             Began as a Demonspawn Brigand on Dec 19, 2022.
             Slain by a gnoll
             ... wielding a +0 whip
              (2 damage)
             ... on level 1 of the Dungeon.
             The game lasted 00:00:19 (201 turns).

GeoRichter the Sneak (Demonspawn Brigand)            Turns: 201, Time: 00:00:20

Health: -1/16      AC:  3    Str: 11    XL:     1   Next: 58%
Magic:  1/1        EV: 11    Int: 12    God:
Gold:   12         SH:  0    Dex: 14    Spells: 0/0 levels left

rFire   . . .      SeeInvis .   a - +2 dagger
rCold   . . .      Faith    .   (no shield)
rNeg    . . .      Spirit   .   b - +0 robe
rPois   .          Reflect  .   (no helmet)
rElec   .          Harm     .   c - +0 cloak
rCorr   .          Rampage  .   (no gloves)
Will    .....                   (no boots)
Stlth   ++........              (no amulet)
HPRegen 0.05/turn               (no ring)
MPRegen 0.07/turn               (no ring)

@: no status effects
A: no striking features
a: no special abilities


You were on level 1 of the Dungeon.
You visited 1 branch of the dungeon, and saw 1 of its levels.

You collected 12 gold pieces.

Inventory:

Hand Weapons
 a - a +2 dagger (weapon)
Missiles
 d - 9 poisoned darts (quivered)
 e - 3 curare-tipped darts {!f}
Armour
 b - a +0 robe (worn)
 c - a +0 cloak (worn)
Scrolls
 f - a scroll of vulnerability {unknown}


   Skills:
 - Level 2.0 Fighting
 * Level 2.1 Short Blades
 - Level 1.7 Throwing
 - Level 0.8 Dodging
 + Level 3.7 Stealth


You couldn't memorise any spells.
You didn't know any spells.
Your spell library was empty.

Dungeon Overview and Level Annotations

Branches:
Dungeon (1/15) Zot: 5799

Altars:


Message History

A rat is nearby!
A rat is nearby!
A bat comes into view.
You see here a quokka corpse.
The helpless rat fails to defend itself.
You impale the rat!!
You kill the rat!
You see here a rat corpse.
A bat is nearby!
The helpless bat fails to defend itself.
You impale the bat!!
You kill the bat!
Your Short Blades skill increases to level 2!
You see here a rat corpse.
You see here a quokka corpse.
You now have 12 gold pieces.
A giant cockroach comes into view.
A giant cockroach is nearby!
The giant cockroach completely misses you.
You hit the giant cockroach. The giant cockroach misses you.
You barely miss the giant cockroach.
The giant cockroach bites you but does no damage.
A giant cockroach is nearby!
You hit the giant cockroach.
The giant cockroach bites you but does no damage.
You hit the giant cockroach.
You kill the giant cockroach!
No target in view!
Found a scroll labelled NYOCUOROITI.
A frilled lizard comes into view.
A frilled lizard is nearby!
A frilled lizard is nearby!
The frilled lizard barely misses you.
You hit the frilled lizard.
You kill the frilled lizard!
No target in view!
No target in view!
f - a scroll labelled NYOCUOROITI A gnoll comes into view.
It is wielding a +0 whip.
The gnoll closely misses you.
You barely miss the gnoll. The gnoll misses you.
You hit the gnoll but do no damage. The gnoll hits you with a +0 whip.
You hit the gnoll but do no damage. The gnoll hits you with a +0 whip.
You hit the gnoll. The gnoll hits you with a +0 whip.
* * * LOW HITPOINT WARNING * * *
You barely miss the gnoll. The gnoll hits you with a +0 whip.
* * * LOW HITPOINT WARNING * * *
You hit the gnoll. The gnoll completely misses you.
You completely miss the gnoll. The gnoll hits you with a +0 whip.
You die...

........##
#######.#
#.# #.# #.#
#.## #..#
##.# #@#
#..g........
#..####.....
#.. #### #.
#. #


You could see a gnoll.

Vanquished Creatures
  A giant cockroach (D:1)
  A quokka (D:1)
  A bat (D:1)
  A frilled lizard (D:1)
  A rat (D:1)
5 creatures vanquished.

Notes
Turn   | Place    | Note
-------+----------+-------------------------------------------
     0 | D:1      | GeoRichter the Demonspawn Brigand began the quest for the
                  | Orb.
     0 | D:1      | Reached XP level 1. HP: 16/16 MP: 1/1
   201 | D:1      | Slain by a gnoll

Illustrated notes

Levels and vault maps discovered:
D:1:      minmay_arrival_jagged, layout_loops_cross,
          shapermc_ecumenical_altar_totnotflames, minmay_3d_cube

Skill      XL: |  1 |
---------------+----+-----
Short Blades   | 2 |  2.1
Fighting       | |  2.0
Throwing       | |  1.7
Dodging        | |  0.8
Stealth        | |  3.7

Action                   || total
-------------------------++-------
Melee: Dagger            ||    18
 Stab: Sleeping          ||     2
Armor: Robe              ||     2
Dodge: Dodged            ||     9
